AoeStats
← 沒起房子我日

Lombardia

507944794Analyzed
4v4 RM · 12d ago on Sep 20, 2026· 35m 21s· 8 players
Game mode
Random Map
Map size
Large (8 player)
Population
200
Speed
Normal
Resources
Standard
Victory
Conquest
Starting age
Dark Age
Ending age
Imperial Age
RankedLock teamsTeams togetherTeam positionsShared explorationLock speedFull tech treeHidden civsTurbo modeCheats
Victory
Defeat
1533
+12
🇹🇼 Huns · Taiwan
1415
+17
🇻🇳 Franks · Vietnam
1407
+17
🇮🇳 Hindustanis · India
1375
+19
🇨🇿 Slavs · Czechia
1480
-18
🇹🇷 Saracens · Türkiye
1442
-16
🇹🇷 Huns · Türkiye
1423
-16
🇷🇺 Jurchens · Russia
1398
-15
WeWereBornToFly
6:37 Loom
9:54 Feudal Age
10:26 Double-Bit Axe
16:25 Wheelbarrow
16:28 Horse Collar
21:39 Castle Age
19:58 Scale Barding Armor
20:00 Gold Mining
22:02 Light Cavalry
22:53 Bloodlines
24:03 Husbandry
28:07 Chain Barding Armor
28:49 Forging
30:13 Iron Casting
JustPlayer
11:12 Feudal Age
9:31 Loom
11:19 Feudal Age
15:23 Castle Age
13:34 Double-Bit Axe
13:32 Horse Collar
16:14 Bow Saw
19:55 Padded Archer Armor
polom.s1989
0:27 Loom
5:07 Loom
11:06 Feudal Age
13:11 Wheelbarrow
20:22 Castle Age
18:29 Double-Bit Axe
18:26 Horse Collar
21:22 Forging
21:12 Scale Mail Armor
20:57 Pikeman
22:26 Bow Saw
34:25 Heavy Plow
ZeZe
6:36 Loom
9:26 Feudal Age
10:22 Double-Bit Axe
13:34 Forging
16:19 Wheelbarrow
16:27 Horse Collar
21:37 Castle Age
21:23 Scale Barding Armor
21:32 Bloodlines
25:15 Husbandry
29:04 Bow Saw
32:03 Chain Barding Armor
34:12 Iron Casting
wannabepirate
10:15 Feudal Age
12:29 Double-Bit Axe
14:46 Castle Age
13:30 Horse Collar
15:09 Loom
15:59 Heavy Plow
21:05 Bow Saw
22:37 Wheelbarrow
21:59 Gold Mining
23:33 Forging
24:06 Hand Cart
23:39 Town Watch
24:40 Husbandry
25:23 Gold Shaft Mining
25:07 Bloodlines
25:52 Stone Mining
26:57 Iron Casting
26:28 Scale Barding Armor
29:59 Chain Barding Armor
32:13 Imperial Age
30:42 Grand Trunk Road
31:42 Fletching
32:14 Ballistics
32:05 Masonry
32:25 Heavy Camel Rider
34:06 Blast Furnace
33:41 Plate Barding Armor
34:38 Chemistry
34:26 Imperial Camel Rider
沒起房子我日
10:54 Feudal Age
10:44 Loom
12:36 Double-Bit Axe
15:19 Castle Age
13:32 Horse Collar
14:34 Fletching
16:26 Bow Saw
25:23 Wheelbarrow
25:48 Bodkin Arrow
26:25 Husbandry
26:58 Padded Archer Armor
28:13 Heavy Plow
29:18 Leather Archer Armor
30:06 Bloodlines
31:12 Ballistics
31:08 Town Watch
31:41 Hand Cart
32:14 Gold Mining
32:15 Stone Mining
37:02 Imperial Age
潮喜歡說故事的洛洛
5:19 Loom
8:16 Feudal Age
10:53 Town Watch
16:54 Double-Bit Axe
19:48 Horse Collar
20:22 Bloodlines
25:22 Castle Age
24:40 Bloodlines
25:40 Wheelbarrow
25:12 Scale Barding Armor
26:18 Husbandry
26:50 Gold Mining
27:07 Town Patrol
28:34 Chain Barding Armor
35:47 Hand Cart
35:44 Bow Saw
35:36 Heavy Plow
38:14 Imperial Age
VN_BILL
6:40 Loom
9:32 Feudal Age
10:09 Double-Bit Axe
13:51 Scale Barding Armor
19:03 Forging
24:02 Castle Age
23:05 Wheelbarrow
24:20 Light Cavalry
25:01 Husbandry
25:22 Chain Barding Armor
25:37 Iron Casting
25:14 Bow Saw
27:01 Hand Cart
Connection lost

Rejoining the realm…

Still unreachable

The connection could not be restored.

Session expired

The server has moved on; the page needs a fresh start.